 Dungeon Crawl Stone Soup version 0.31.0-11-ge490571c62 (webtiles) character file.

Game seed: 9372411738773270179

44 qw the Shooter (level 3, 0/20 HPs)
             Began as a Deep Elf Hunter on Feb 4, 2024.
             Slain by a goblin
             ... wielding a +0 club
             ... led by Robin
              (5 damage)
             ... on level 2 of the Dungeon.
             The game lasted 00:00:04 (902 turns).

qw the Shooter (Deep Elf Hunter)                     Turns: 902, Time: 00:00:04

Health: 0/20       AC:  6    Str: 10    XL:     3   Next: 41%
Magic:  5/5        EV: 11    Int: 13    God:
Gold:   87         SH:  0    Dex: 18    Spells: 2/2 levels left

rFire   . . .        a - +0 shortbow
rCold   . . .        (shield currently unavailable)
rNeg    . . .        e - +0 ring mail
rPois   .            (no helmet)
rElec   .            (no cloak)
rCorr   .            g - +0 pair of gloves
SInv    .            (no boots)
Will    .....        (no amulet)
Stlth   +            (no ring)
HPRegen 0.23/turn    (no ring)
MPRegen 0.09/turn

%: no passive effects
@: no status effects
A: no striking features
a: no special abilities


You were on level 2 of the Dungeon.
You visited 1 branch of the dungeon, and saw 2 of its levels.

You collected 87 gold pieces.


   Skills:
 - Level 1.5 Fighting
 + Level 7.0 Ranged Weapons
 - Level 2.4 Dodging
 - Level 1.2 Stealth


You had 2 spell levels left.
You didn't know any spells.
Your spell library was empty.

Inventory:

Hand Weapons
 a - a +0 shortbow (weapon)
Armour
 e - a +0 ring mail (worn)
 g - a +0 pair of gloves (worn)
Scrolls
 b - a scroll of brand weapon {unknown}
Potions
 l - a potion of curing {unknown}

Dungeon Overview and Level Annotations

Branches:
Dungeon (2/15)

Altars:

Annotations:
D:2 Robin


Message History

The hobgoblin is almost dead.
The hobgoblin hits you but does no damage. x2
You shoot an arrow. The arrow hits the hobgoblin!
You kill the hobgoblin!
The hobgoblin hits you. The goblin hits you but does no damage.
You shoot an arrow. The arrow hits the hobgoblin!
You kill the hobgoblin!
You shoot an arrow. The arrow hits the goblin.
The goblin is moderately wounded.
The goblin hits you with a +0 club. The goblin barely misses you.
You shoot an arrow. The arrow hits the goblin.
You kill the goblin!
Robin of the Strong Arm comes into view.
They are wielding a +0 club and carrying a wand of polymorph.
Your Ranged Weapons skill increases to level 7!
You shoot an arrow. The arrow hits Robin!
Robin is heavily wounded.
Robin hits you with a +0 club. The goblin hits you with a +0 club. x2
Robin hits you but does no damage.
You shoot an arrow. The arrow hits Robin.
Robin is severely wounded.
The goblin hits you with a +0 club. Robin throws the goblin at you!
You shoot an arrow.
The arrow hits Robin but does no damage.
Robin is severely wounded.
The goblin barely misses you. The goblin hits you but does no damage.
Robin throws the goblin at you!
You shoot an arrow. The arrow hits Robin.
Robin is almost dead.
The goblin hits you but does no damage. x2; The goblin hits you with a +0 club.
Robin throws the goblin at you!
You shoot an arrow. The arrow barely misses Robin.
The goblin hits you with a +0 club. The goblin hits you with a +0 dagger.
The goblin hits you but does no damage. Robin barely misses you.
You shoot an arrow. The arrow barely misses Robin.
The goblin misses you.
The goblin hits you but does no damage. x2
Robin roars a battlecry!
The goblins go into a battle-frenzy!
You shoot an arrow. The arrow barely misses Robin.
The goblin hits you with a +0 club.
You die...

### #..#. ##.. #..#.
#... #... #... #..#
#... #..# #.g #..#
...###g###..#
......)@g.%.# #.####.
......gg###.#
#......#.....######.#
#........... #.....#
#...%...... #.#####
#.......#######.#
#.......#.......#
.#.......#.#######
.#.........#


You could see Robin, a hobgoblin (strong) and 3 goblins.

Vanquished Creatures
  2 dart slugs (D:2)
  2 endoplasms (D:1)
  3 giant cockroaches
  7 goblins
  5 hobgoblins
  3 quokkas
  3 ball pythons
  3 bats (D:1)
  3 frilled lizards (D:1)
  2 kobolds
  2 rats (D:1)
  A spectral hobgoblin (D:1)
36 creatures vanquished.

Notes
Turn   | Place    | Note
-------+----------+-------------------------------------------
     0 | D:1      | qw the Deep Elf Hunter began the quest for the Orb.
     0 | D:1      | Reached XP level 1. HP: 12/12 MP: 3/3
     0 | D:1      | 0 ||| qw: Version: 0.3-a-160-g5e54788
     0 | D:1      | 0 ||| qw: Game counter: 4305
     0 | D:1      | 0 ||| qw: Melee chars always use a shield: true
     0 | D:1      | 0 ||| qw: God list: Okawaru
     0 | D:1      | 0 ||| qw: Allow faded altars: false
     0 | D:1      | 0 ||| qw: Do Orc after clearing Dungeon:15 true
     0 | D:1      | 0 ||| qw: Do second Lair branch before Depths: true
     0 | D:1      | 0 ||| qw: Lair rune preference: random
     0 | D:1      | 0 ||| qw: Goals: Normal
     0 | D:1      | 0 ||| PLANNING D:1-11
   258 | D:1      | Found a faded altar of an unknown god.
   262 | D:1      | Reached XP level 2. HP: 16/16 MP: 4/4
   319 | D:1      | Reached skill level 6 in Ranged Weapons
   383 | D:1      | 383 ||| RETREEEEATING.
   384 | D:1      | 384 ||| RETREEEEATING.
   385 | D:1      | 385 ||| RETREEEEATING.
   636 | D:1      | 636 ||| UPGRADING to +0 ring mail.
   646 | D:1      | 646 ||| DROPPING +0 leather armour.
   647 | D:1      | 647 ||| UPGRADING to +0 pair of gloves.
   652 | D:1      | 652 ||| READING scroll labelled QEUCLOL ZUOPSIUJ.
   652 | D:1      | 652 ||| IDENTIFYING gluggy clear potion
   653 | D:1      | 653 ||| READING scroll labelled UTUEFFUCOIN.
   654 | D:1      | 654 ||| READING scroll labelled ETILYD TUAMILARUAN.
   655 | D:1      | 655 ||| READING scroll labelled EKOC FOOFEONT.
   659 | D:1      | 659 ||| READING scroll labelled XARATOD QOCOCOU.
   760 | D:1      | 760 ||| DROPPING scroll of butterflies.
   761 | D:1      | 761 ||| DROPPING potion of brilliance.
   844 | D:2      | Reached XP level 3. HP: 18/20 MP: 5/5
   895 | D:2      | Noticed Robin
   896 | D:2      | Reached skill level 7 in Ranged Weapons
   900 | D:2      | HP: 5/20 [goblin/+0 dagger[Robin] (2)]
   902 | D:2      | Slain by a goblin

Levels and vault maps discovered:
D:1:      orjb1_lava_funnel, layout_basic,
          dreamdust_ecumenical_altar_drowned_temple
D:2:      layout_basic, serial_bayou_pond_a, minmay_misc_feat_enclosed,
          minmay_tromino_v4_a, uniq_robin

Skill      XL: |  1  2  3 |
---------------+----------+-----
Ranged Weapons | 6 7 |  7.0
Fighting       | |  1.5
Dodging        | |  2.4
Stealth        | |  1.2

Action                     || total
---------------------------++-------
   Fire: Shortbow          ||    92
    Use: Scroll            ||     5
 Armour: Leather armour    ||    14
         Ring mail         ||    28
  Dodge: Dodged            ||    26

Table legend:
 A = Non-vault XP
 B = Vault XP
 C = Vault XP percentage of total XP
 D = Non-vault monster count
 E = Vault monster count
 F = Vault count percentage of total count
                 A         B        C        D         E       F
            +---------+---------+-------+---------+---------+-------
      Total |      50 |      14 |  21.9 |      28 |       8 |  22.2
            +---------+---------+-------+---------+---------+-------
        D:1 |      28 |       1 |   3.4 |      19 |       1 |   5.0
        D:2 |      22 |      13 |  37.1 |       9 |       7 |  43.8
            +---------+---------+-------+---------+---------+-------
